 Dungeon Crawl Stone Soup version 0.32-a0-172-gc5dd13f2a7 (webtiles) character file.

Game seed: 12607353124564167402

1297 freelancePsychic the Ruffian (level 8, 0/71 HPs)
             Began as a Pale Draconian Shapeshifter on Feb 13, 2024.
             Was an Initiate of Gozag.
             Killed from afar by Blork the orc (8 damage)
             ... with a puff of frost
             ... on level 5 of the Dungeon.
             The game lasted 00:07:27 (3807 turns).

freelancePsychic the Ruffian (DrSh)                 Turns: 3807, Time: 00:07:28

Health: 0/71       AC:  6    Str: 15 (17) XL:     8   Next: 31%
Magic:  8/8        EV: 12    Int: 10 (11) God:    Gozag
Gold:   144        SH:  0    Dex: 10 (12) Spells: 7/7 levels left

rFire   . . .        a - +0 dagger (venom)
rCold   . . .        (no shield)
rNeg    . . .        (body armour unavailable)
rPois   .            (helmet currently unavailable)
rElec   .            (cloak currently unavailable)
rCorr   .            (gloves currently unavailable)
SInv    .            (boots currently unavailable)
Will    .....        (no amulet)
Stlth   +            (no ring)
HPRegen 0.31/turn    (no ring)
MPRegen 0.11/turn

%: no passive effects
@: about to teleport, beast-form
A: beast (slay +3), breathe steam, AC +6, unfitting armour, cold-blooded, steam
resistance
a: Breathe Steam, Begin Untransformation, Renounce Religion, Potion Petition,
Call Merchant, Bribe Branch


You were on level 5 of the Dungeon.
You worshipped Gozag.
Gozag was aware of your devotion.
You were a hulking beast.
You visited 1 branch of the dungeon, and saw 5 of its levels.

You collected 188 gold pieces.
You paid 44 gold pieces to Gozag.

Inventory:

Hand Weapons
 a - a +0 dagger of venom (weapon)
Armour
 m - a scarf of invisibility
Jewellery
 i - a +6 ring of intelligence
Talismans
 b - a beast talisman (active)
 c - a flux talisman
Wands
 d - a wand of mindburst (10)
Scrolls
 e - a scroll of revelation {unknown}
 g - 4 scrolls of identify {@r1}
 h - a scroll of fear {unknown}
 l - a scroll of noise {unknown}
 n - a scroll of fog {unknown}
Potions
 f - 2 potions of degeneration
 j - a potion of ambrosia {unknown}
 o - 2 potions of cancellation {unknown}
 p - a potion of attraction {unknown}


   Skills:
 + Level 6.5 Fighting
 - Level 1.7 Dodging
 + Level 6.5 Unarmed Combat
 + Level 6.0 Shapeshifting


You had 7 spell levels left.
You didn't know any spells.
Your spell library contained the following spells:

 Spells                   Type           Power      Damage    Failure   Level
 Dazzling Flash           Conj/Hex       0%         N/A       75%         3
 Mephitic Cloud           Conj/Alch/Air  0%         N/A       75%         3
 Curse of Agony           Necr           0%         N/A       100%        5
 Silence                  Hex/Air        0%         N/A       100%        5


Dungeon Overview and Level Annotations

Branches:
Dungeon (5/15)             Temple (0/1) D:5

Altars:
Ashenzari
Gozag
Yredelemnul

Annotations:
D:5 Blork the orc


Innate Abilities, Weirdness & Mutations

You are a hulking beast.
Your limbs bulge with bestial killing power. (Slay +3)
You can breathe blasts of scalding, opaque steam.
Your pale cyan-grey scales are hard. (AC +6)
You cannot fit into any form of body armour.
You are cold-blooded and may be slowed by cold attacks.
You are immune to the effects of steam.


Message History

Blork the orc looks satisfied for a moment.
Blork the orc points at you and mumbles some strange words.
The puff of flame misses you.
Okay, then.
Your +0 dagger of venom begins to drip with poison!
a - a +0 dagger of venom (weapon)
Blork the orc miscasts a cantrip.
Blork the orc curses loudly.
You hit Blork the orc.
Blork the orc is poisoned.
Blork the orc is lightly wounded.
Blork the orc screams, "I'll drink your blood!
Soon!"
Blork the orc gestures at you while chanting.
The puff of flame hits you. Blork the orc closely misses you.
You hit Blork the orc but do no damage.
Blork the orc looks as sick as possible!
You tail-slap Blork the orc, but do no damage.
Blork the orc is lightly wounded.
Blork the orc hits you with a +0 morningstar!
You barely miss Blork the orc. You tail-slap Blork the orc.
Blork the orc is moderately wounded.
Blork the orc hits you with a +0 morningstar!
Blork the orc hits you with a +0 morningstar.
It was a potion of degeneration.
There was something very wrong with that liquid.
You feel weakened.
You feel dopey.
You feel clumsy.
Blork the orc hits you with a +0 morningstar.
* * * LOW HITPOINT WARNING * * *
As you read the scroll of teleportation {@r4}, it crumbles to dust.
You feel strangely unstable.
Blork the orc hits you with a +0 morningstar.
* * * LOW HITPOINT WARNING * * *
Blork the orc screams, "I'll break your legs!"
Blork the orc hits you with a +0 morningstar!
* * * LOW HITPOINT WARNING * * *
Blork the orc attacks as he pursues you!
Blork the orc barely misses you.
Blork the orc points at you and mumbles some strange words.
The puff of frost hits you!
You die...
Your body crumbles into a pile of gold.

#..................#
....................##
...............#.....##..
...............##........
.............#........)..
.....)...................
................o........
.....................
...........h........
..#......................
....................##...
....................# ..
......................
...................#...
........................
..........##............
..<..<................


You could see Blork the orc (fast, very poisoned).

Vanquished Creatures
  Grinder (D:4)
  Eustachio (D:4)
  A wyvern (D:4)
  Menkaure (D:4)
  A black bear (D:5)
  A phantom (D:5)
  2 scorpions
  4 hounds
  Terence (D:2)
  Natasha (D:2)
  Robin (D:3)
  5 adders
  8 gnolls
  2 ribbon worms (D:3)
  4 dart slugs
  6 orcs
  9 endoplasms
  3 giant cockroaches
  14 goblins
  10 hobgoblins
  4 jackals (D:3)
  10 kobolds
  A quokka (D:4)
  9 ball pythons
  2 bats (D:3)
  4 rats
106 creatures vanquished.

Notes
Turn   | Place    | Note
-------+----------+-------------------------------------------
     0 | D:1      | freelancePsychic the Draconian Shapeshifter began the quest
                  | for the Orb.
     0 | D:1      | Reached XP level 1. HP: 16/16 MP: 1/1
   203 | D:1      | Reached XP level 2. HP: 22/23 MP: 2/2
   647 | D:2      | Reached XP level 3. HP: 25/29 MP: 3/3
   814 | D:2      | Noticed Terence
   855 | D:2      | Killed Terence
   856 | D:2      | Reached XP level 4. HP: 23/37 MP: 4/4
   924 | D:2      | Found a basalt altar of Yredelemnul.
  1063 | D:2      | Noticed Natasha
  1071 | D:2      | Killed Natasha
  1363 | D:3      | Noticed Robin
  1385 | D:3      | Killed Robin
  1469 | D:3      | Reached XP level 5. HP: 44/45 MP: 5/5
  1496 | D:3      | Found a faded altar of an unknown god.
  1915 | D:3      | Found a broken altar of Ashenzari.
  2322 | D:3      | Reached XP level 6. HP: 48/52 MP: 6/6
  2599 | D:4      | Noticed Eustachio
  2599 | D:4      | Noticed a wyvern
  2648 | D:4      | Killed Eustachio
  2649 | D:4      | Reached skill level 5 in Unarmed Combat
  2740 | D:4      | Found an opulent altar of Gozag.
  2740 | D:4      | Noticed Grinder
  2744 | D:4      | Paralysed by Grinder for 4 turns
  2746 | D:4      | Noticed Menkaure
  2756 | D:4      | Killed Menkaure
  2757 | D:4      | Your scales start taking on a pale cyan-grey colour.
  2757 | D:4      | Reached XP level 7. HP: 26/60 MP: 7/7
  2757 | D:4      | Gained mutation: You are immune to the effects of steam.
                  | [Pale Draconian growth]
  2947 | D:4      | Reached skill level 5 in Fighting
  2947 | D:4      | Reached skill level 5 in Shapeshifting
  3030 | D:4      | Killed a wyvern
  3046 | D:4      | Paralysed by Grinder for 5 turns
  3052 | D:4      | Killed Grinder
  3053 | D:4      | Reached XP level 8. HP: 18/70 MP: 8/8
  3660 | D:4      | Became a worshipper of Gozag Ym Sagoz the Greedy
  3696 | D:5      | Entered Level 5 of the Dungeon
  3704 | D:5      | Found a staircase to the Ecumenical Temple.
  3779 | D:5      | Noticed Blork the orc
  3807 | D:5      | Killed from afar by Blork the orc

Illustrated notes

Levels and vault maps discovered:
D:1:      shiori_arrival_maze, layout_loops_ring
D:2:      layout_rooms, basic_altar, uniq_terence, uniq_natasha
D:3:      layout_basic, ashenzari_altar_1, dreamdust_ecumenical_altar_grove,
          hangedman_decor_points, cheibrodos_gnoll_hut, uniq_robin
D:4:      layout_rooms, mainiacjoe_overflow_concentric_impassable,
          kennysheep_generic_room_11, uniq_eustachio, uniq_menkaure,
          uniq_grinder
D:5:      layout_layer_cave, minmay_temple_entry_statues_pillars,
          uniq_blork_the_orc, uniq_crazy_yiuf_cottage

Skill      XL: |  1  2  3  4  5  6  7  8 |
---------------+-------------------------+-----
Fighting       | 2 3 4 6 |  6.5
Unarmed Combat | 4 5 6 |  6.5
Shapeshifting  | 4 5 6 |  6.0
Dodging        | |  1.7

Action                     |  1- 3 |  4- 6 |  7- 9 || total
---------------------------+-------+-------+-------++-------
  Melee: Unarmed           |    64 |   180 |    29 ||   273
         Tailslap          |    11 |    23 |     6 ||    40
         Punch             |     2 |     4 |     1 ||     7
         Dagger            |     4 |    20 |     3 ||    27
Ability: Breathe Steam     |       |       |    10 ||    10
    Use: Scroll            |       |     2 |     1 ||     3
         Potion            |       |     1 |     1 ||     2
   Stab: Sleeping          |     2 |     1 |     1 ||     4
 Armour: Skin              |    32 |   132 |    32 ||   196
  Dodge: Dodged            |    32 |   137 |    10 ||   179

Table legend: (Time is in decaauts)
 A = Elapsed time spent in this place.
 B = Non-inter-level travel time spent in this place.
 C = Inter-level travel time spent in this place.
 D = Time resting spent in this place.
 E = Time spent auto-exploring this place.
 F = Levels seen in this place.
 G = Mean time per level.
                   A        B        C        D        E       F      G
               +--------+--------+--------+--------+--------+-----+--------+
         Total |   3788 |   3617 |    171 |    287 |   2547 |   5 |  757.6 |
       Dungeon |   3788 |   3617 |    171 |    287 |   2547 |   5 |  757.6 |
               +--------+--------+--------+--------+--------+-----+--------+

Top non-repeatable levels by time:
     D:4: 1159 daAuts
     D:3: 1022 daAuts
     D:2: 859 daAuts
     D:1: 637 daAuts
     D:5: 109 daAuts
